 Dungeon Crawl Stone Soup version 0.25.1-2-g60ff931df9 (webtiles) character file.

Game seed: 10074154147956598447

147 H0rd4k the Magician (level 5, 0/28 HPs)
             Began as a Deep Elf Wizard on Nov 17, 2020.
             Slain by a gnoll
             ... wielding a +0 halberd of protection
              (11 damage)
             ... on level 3 of the Dungeon.
             The game lasted 00:04:54 (3579 turns).

H0rd4k the Magician (Deep Elf Wizard)               Turns: 3579, Time: 00:04:54

Health: 0/28       AC:  2    Str:  4    XL:     5   Next: 7%
Magic:  4/15       EV: 13    Int: 24    God:
Gold:   101        SH:  0    Dex: 13    Spells: 7/16 levels left

rFire    . . .     SeeInvis .   i - +1 dagger (venom)
rCold    . . .     Gourm    .   (no shield)
rNeg     + . .     Faith    .   a - +0 robe
rPois    .         Spirit   .   b - +0 hat
rElec    .         Reflect  .   (no cloak)
rCorr    .         Harm     .   (no gloves)
MR       .....                  (no boots)
Stlth    ++........             (no amulet)
HPRegen  0.09/turn              l - ring of positive energy
MPRegen  0.14/turn              (no ring)

@: no status effects
A: no striking features
a: no special abilities


You were on level 3 of the Dungeon.
You were not hungry.

You visited 1 branch of the dungeon, and saw 3 of its levels.

You collected 101 gold pieces.

Inventory:

Hand Weapons
 i - a +1 dagger of venom (weapon)
Armour
 a - a +0 robe (worn)
 b - a +0 hat (worn)
Jewellery
 l - a ring of positive energy (left hand)
Wands
 o - a wand of random effects (13)
Scrolls
 g - 2 scrolls of identify {unknown}
 h - 3 scrolls of teleportation {unknown}
 p - a scroll of remove curse {unknown}
Potions
 e - 2 potions of brilliance {unknown}
 f - 2 potions of heal wounds {unknown}
 j - 2 potions of curing {unknown}
 k - a potion of might {unknown}
 m - a potion of resistance {unknown}
 n - a potion of stabbing {unknown}
Comestibles
 d - 4 rations


   Skills:
 + Level 2.9 Dodging
 + Level 3.1 Stealth
 + Level 6.1 Spellcasting
 + Level 2.6 Conjurations
   Level 1.1 Summonings
 + Level 1.1 Translocations
 * Level 0.4 Fire Magic
 * Level 0.6 Air Magic
 * Level 1.4 Poison Magic


You had 7 spell levels left.
You knew the following spells:

 Your Spells              Type           Power        Failure   Level  Hunger
a - Magic Dart            Conj           ###.         2%          1    None
b - Blink                 Tloc           N/A          8%          2    None
c - Conjure Flame         Conj/Fire      ##......     12%         3    #......
d - Mephitic Cloud        Conj/Pois/Air  ###.....     12%         3    #......

Your spell library contained the following spells:

 Spells                   Type           Power        Failure   Level  Hunger
 Call Imp                 Summ           ##......     8%          2    None
 Slow                     Hex            #.......     12%         2    None


Dungeon Overview and Level Annotations

Branches:
Dungeon (3/15)

Altars:

Annotations:
D:2 exclusion: downstairs


Message History

Confirm with . or Enter, or press ? or * to list all spells.
The spell is quite dangerous to cast (12% risk of failure)!
Continue anyway?
The fire begins to smolder!
The fire ignites!
Casting: Conjure Flame (quite dangerous; 12% risk of failure)
Confirm with . or Enter, or press ? or * to list all spells.
Aiming: Magic Dart (safe; 2% risk of failure)
Press: ? - help, Shift-Dir - straight line, f/p - gnoll
Aim: a gnoll, wielding a +0 halberd of protection (moderately wounded)
The magic dart hits the gnoll.
The gnoll is severely wounded.
Casting: Magic Dart (safe; 2% risk of failure)
Confirm with . or Enter, or press ? or * to list all spells.
Aiming: Magic Dart (safe; 2% risk of failure)
Press: ? - help, Shift-Dir - straight line, f/p - gnoll
Aim: a gnoll, wielding a +0 halberd of protection (moderately wounded)
The magic dart hits the gnoll but does no damage.
The gnoll is moderately wounded.
The gnoll hits you from afar with a +0 halberd of protection!
You die...

≈≈≈≈≈≈≈≈≈≈≈≈≈≈≈≈≈≈≈≈≈≈≈≈≈
≈.≈.≈..≈.≈.≈≈.≈≈.≈.≈..÷≈.
.........................
.........................
###########..####.##..###
#.........## #....##
####.#####.### ####.#
#......g##.##########.#
#...g§@............# #
#g##.##.#####......# ####.#
#.##.##.# #.#.##.# .....# #
#g......# #.#.##.## ..####
#.##g##.#### #.#.....# ..#
#.......# #.####..# ..#
######.######## #.####..# ..#
#...).........####.......#
..####.#.##..#.###.....###....#


You could see 3 gnolls.

Vanquished Creatures
  Jessica (D:3)
  A gnoll (D:3)
  2 adders (D:2)
  2 oozes (D:2)
  2 worms
  A dart slug (D:1)
  3 leopard geckos
  2 orcs (D:3)
  6 bats
  5 giant cockroaches
  7 goblins
  10 hobgoblins
  3 jackals (D:1)
  A quokka (D:2)
  A ball python (D:2)
  7 frilled lizards
  9 kobolds
  8 rats
71 creatures vanquished.

Notes
Turn   | Place    | Note
-------+----------+-------------------------------------------
     0 | D:1      | H0rd4k the Deep Elf Wizard began the quest for the Orb.
     0 | D:1      | Reached XP level 1. HP: 10/10 MP: 7/7
   313 | D:1      | Reached skill level 5 in Spellcasting
   313 | D:1      | Reached XP level 2. HP: 15/15 MP: 7/10
  1324 | D:1      | Reached XP level 3. HP: 19/19 MP: 10/12
  1328 | D:1      | Learned a level 2 spell: Blink
  1332 | D:1      | Learned a level 3 spell: Conjure Flame
  1336 | D:1      | Learned a level 3 spell: Mephitic Cloud
  2211 | D:2      | Reached XP level 4. HP: 18/24 MP: 8/13
  2581 | D:2      | Reached skill level 6 in Spellcasting
  3307 | D:3      | Found a faded altar of an unknown god.
  3340 | D:3      | Reached skill level 1 in Poison Magic
  3457 | D:3      | Noticed Jessica
  3466 | D:3      | Killed Jessica
  3466 | D:3      | Reached XP level 5. HP: 28/28 MP: 6/15
  3579 | D:3      | Slain by a gnoll

Illustrated notes

Levels and vault maps discovered:
D:1:      ncdulo_watergridlock, layout_basic
D:2:      layout_rooms
D:3:      minmay_goblin_kobold_castle, layout_loops_cross,
          chequers_ecumenical_altar_twisty, uniq_jessica

Skill      XL: |  1  2  3  4 |
---------------+-------------+-----
Spellcasting   | 5 6 |  6.1
Stealth        | 3 |  3.1
Conjurations   | 2 |  2.6
Poison Magic   | 1 |  1.4
Dodging        | |  2.9
Summonings     | |  1.1
Translocations | |  1.1
Fire Magic     | |  0.4
Air Magic      | |  0.6

Action                   |  1- 3 |  4- 6 || total
-------------------------+-------+-------++-------
Melee: Dagger            |     1 |       ||     1
 Cast: Magic Dart        |   121 |    82 ||   203
       Conjure Flame     |       |     2 ||     2
       Blink             |       |     1 ||     1
  Eat: Chunk             |     3 |     5 ||     8
Armor: Robe              |     5 |       ||     5
Dodge: Dodged            |    27 |     7 ||    34
